 Dungeon Crawl Stone Soup version 0.25-a0-251-g572059c536 (webtiles) character file.

Game seed: 1220804818230013957, levelgen mode: deterministic

154 night the Stinger (level 5, -4/35 HPs)
             Began as a Demonspawn Venom Mage on Dec 4, 2019.
             Slain by an ogre
             ... wielding a +0 giant club
              (17 damage)
             ... on level 4 of the Dungeon.
             The game lasted 00:13:32 (3729 turns).

night the Stinger (Demonspawn Venom Mage)           Turns: 3729, Time: 00:13:32

Health: -4/35      AC:  2    Str:  8    XL:     5   Next: 13%
Magic:  0/9        EV: 12    Int: 17    God:
Gold:   150        SH:  0    Dex: 14    Spells: 1/10 levels left

rFire    . . .     SeeInvis .     - Unarmed
rCold    . . .     Gourm    .   (no shield)
rNeg     . . .     Faith    .   a - +0 robe
rPois    .         Spirit   .   (no helmet)
rElec    .         Reflect  .   (no cloak)
rCorr    .         Harm     .   (no gloves)
MR       .....                  (no boots)
Stlth    ++........             (no amulet)
HPRegen  0.11/turn              (no ring)
MPRegen  0.11/turn              (no ring)

@: very slightly contaminated
A: talons 1, sturdy frame 1
a: no special abilities


You were on level 4 of the Dungeon.
You were very hungry.

You visited 1 branch of the dungeon, and saw 4 of its levels.

You collected 150 gold pieces.

Inventory:

Hand Weapons
 k - a +0 hunting sling
Missiles
 g - 149 stones (quivered)
 m - 33 arrows
 s - 19 bolts
Armour
 a - a +0 robe (worn)
 l - a +0 buckler
Jewellery
 n - an uncursed amulet of regeneration {unknown}
Scrolls
 f - a scroll of magic mapping {unknown}
 h - 7 scrolls of identify {unknown}
 q - a scroll of enchant weapon {unknown}
 r - a scroll of teleportation {unknown}
 u - a scroll of random uselessness {unknown}
 v - a scroll of immolation {unknown}
Potions
 b - a potion of magic {unknown}
 d - 2 potions of mutation {unknown}
 e - a potion of cancellation {unknown}
 i - a potion of haste {unknown}
 j - 2 potions of berserk rage {unknown}
 o - a potion of lignification {unknown}
Comestibles
 c - 4 rations


   Skills:
 - Level 1.7 Dodging
 - Level 1.7 Stealth
 + Level 1.1 Unarmed Combat
 + Level 3.0 Spellcasting
 + Level 1.6 Conjurations
 - Level 1.7 Transmutations
 + Level 1.1 Air Magic
 + Level 3.9 Poison Magic


You had one spell level left.
You knew the following spells:

 Your Spells              Type           Power        Failure   Level  Hunger
a - Sting                 Tmut/Pois      ##..         5%          1    None
b - Poisonous Vapours     Pois/Air       ##....       10%         2    ##.....
c - Mephitic Cloud        Conj/Pois/Air  ##......     21%         3    ###....
d - Ignite Poison         Fire/Tmut/Pois #.......     24%         3    ###....

Your spell library contained the following spells:

 Spells                   Type           Power        Failure   Level  Hunger
 Olgreb's Toxic Radiance  Pois           ###.....     34%         4    ####...


Dungeon Overview and Level Annotations

Branches:
Dungeon (4/15)
 Temple: D:4-7

Altars:
Okawaru
Yredelemnul
The Shining One

Annotations:
D:3 Grinder


Innate Abilities, Weirdness & Mutations

You have sharp toenails.
Your movements are slightly less encumbered by armour. (ER -2)


Message History

You feel odd.
You are feeling very hungry.
The ogre hits you with a +0 giant club!!
Ouch! That really hurt!
Casting: Mephitic Cloud (safe; 21% risk of failure)
Confirm with . or Enter, or press ? or * to list all spells.
Aiming: Mephitic Cloud (safe; 21% risk of failure)
Press: ? - help, Shift-Dir - straight line, f/p - ogre
Aim: an ogre, wielding a +0 giant club (severely wounded, very poisoned) That beam is likely to hit you.
Continue anyway?
The ball explodes into a vile cloud!
The stinking cloud engulfs the ogre but does no damage.
The ogre is severely wounded.
The stinking cloud engulfs you but does no damage.
You are engulfed in noxious fumes.
You choke on the stench!
You are confused.
You bump into the rock wall.
You are engulfed in noxious fumes.
You feel less confused.
The ogre is engulfed in noxious fumes.
The ogre hits you with a +0 giant club!
You die...

## #### #..
.####..#####.#
......##....#
##....####..#
#..#..###...##
..##...#...#.##
.###......##..###
.#
#...######...#####
.# #.###
#...@O..## .# ###
#..####...# ..#
#.## ###.# ...# #.
#.# ..## .# #.# .
#. ..# . ## #..# .
#..# #..#


You could see an ogre.

Vanquished Creatures
  An orc wizard (D:3)
  Terence (D:3)
  2 adders
  A gnoll (D:1)
  A worm (D:3)
  A dart slug (D:1)
  A leopard gecko (D:1)
  6 orcs (D:3)
  A ball python (D:1)
  5 bats
  5 giant cockroaches
  6 goblins
  9 hobgoblins
  A quokka (D:4)
  2 frilled lizards
  3 kobolds
  A quokka skeleton (D:4)
  13 rats
60 creatures vanquished.

Notes
Turn   | Place    | Note
-------+----------+-------------------------------------------
     0 | D:1      | night the Demonspawn Venom Mage began the quest for the
                  | Orb.
     0 | D:1      | Reached XP level 1. HP: 13/13 MP: 3/3
    24 | D:1      | Reached skill level 1 in Transmutations
   219 | D:1      | Gained mutation: You have sharp toenails. [demonic
                  | ancestry]
   219 | D:1      | Reached XP level 2. HP: 18/19 MP: 1/5
   782 | D:1      | Reached XP level 3. HP: 24/24 MP: 4/6
   831 | D:1      | Learned a level 2 spell: Poisonous Vapours
   835 | D:1      | Learned a level 3 spell: Mephitic Cloud
  1825 | D:3      | Found a glowing golden altar of the Shining One.
  1895 | D:3      | Noticed Grinder
  1897 | D:3      | Paralysed by Grinder for 7 turns
  1913 | D:3      | Found an iron altar of Okawaru.
  2057 | D:3      | Found a basalt altar of Yredelemnul.
  2153 | D:3      | Reached skill level 1 in Conjurations
  2281 | D:3      | Reached XP level 4. HP: 20/30 MP: 5/8
  2951 | D:3      | Reached skill level 1 in Air Magic
  3078 | D:3      | Noticed Terence
  3086 | D:3      | Killed Terence
  3086 | D:3      | Reached skill level 1 in Unarmed Combat
  3086 | D:3      | Gained mutation: Your movements are slightly less
                  | encumbered by armour. (ER -2) [demonic ancestry]
  3086 | D:3      | Reached XP level 5. HP: 35/35 MP: 2/9
  3139 | D:3      | Paralysed by Grinder for 7 turns
  3168 | D:3      | Paralysed by Grinder for 4 turns
  3175 | D:3      | Paralysed by Grinder for 5 turns
  3227 | D:3      | Paralysed by Grinder for 3 turns
  3316 | D:4      | Noticed an ogre
  3368 | D:3      | Paralysed by Grinder for 5 turns
  3478 | D:4      | Learned a level 3 spell: Ignite Poison
  3717 | D:4      | Noticed an ogre
  3729 | D:4      | Slain by an ogre

Levels and vault maps discovered:
D:1:      lemuel_arrival_lava_pool, layout_rooms, minmay_tetromino_s2
D:2:      layout_loops_ring
D:3:      layout_basic, overflow_temple_1_default,
          chequers_temple_overflow_statue_of_worship, lemuel_round_altar,
          grunt_decor_one_mirror, hangedman_decor_growths,
          kennysheep_generic_room_9, uniq_grinder, uniq_terence
D:4:      layout_layer_cave, vehumet_statue, zin_academy

Skill      XL: |  1  2  3  4  5 |
---------------+----------------+-----
Transmutations | 1 |  1.7
Conjurations   | 1 |  1.6
Air Magic      | 1 |  1.1
Unarmed Combat | 1 |  1.1
Spellcasting   | 3 |  3.0
Dodging        | |  1.7
Stealth        | |  1.7
Poison Magic   | |  3.9

Action                   |  1- 3 |  4- 6 || total
-------------------------+-------+-------++-------
Melee: Unarmed           |     7 |     6 ||    13
       Dagger            |       |     3 ||     3
       Kick              |       |     2 ||     2
 Cast: Sting             |    59 |    32 ||    91
       Poisonous Vapours |     1 |     8 ||     9
       Mephitic Cloud    |     1 |     3 ||     4
  Eat: Chunk             |     5 |     4 ||     9
Armor: Robe              |    15 |     3 ||    18
Dodge: Dodged            |    35 |    10 ||    45

Table legend:
 A = Non-vault XP
 B = Vault XP
 C = Vault XP percentage of total XP
 D = Non-vault monster count
 E = Vault monster count
 F = Vault count percentage of total count
                 A         B        C        D         E       F
            +---------+---------+-------+---------+---------+-------
      Total |     181 |      40 |  18.1 |      56 |       4 |   6.7
            +---------+---------+-------+---------+---------+-------
        D:1 |      53 |       3 |   5.4 |      22 |       2 |   8.3
        D:2 |      13 |       0 |   0.0 |       9 |       0 |   0.0
        D:3 |      97 |      37 |  27.6 |      21 |       2 |   8.7
        D:4 |      18 |       0 |   0.0 |       4 |       0 |   0.0
            +---------+---------+-------+---------+---------+-------
